 Dungeon Crawl Stone Soup version 0.22-a0-558-gc224181 (webtiles) character file.

24 kae the Insei (level 2, -1/21 HPs)
             Began as a Demonspawn Transmuter on June 27, 2018.
             Slain by an ooze (4 damage)
             ... on level 2 of the Dungeon.
             The game lasted 00:00:34 (889 turns).

kae the Insei (Demonspawn Transmuter)                Turns: 889, Time: 00:00:34

Health: -1/21      AC:  2    Str: 10    XL:     2   Next: 79%
Magic:  3/5        EV: 12    Int: 14    God:
Gold:   62         SH:  0    Dex: 13    Spells: 4/5 levels left

rFire    . . .     SeeInvis .     - Unarmed
rCold    + . .     Gourm    .   (no shield)
rNeg     . . .     Faith    .   b - +0 robe
rPois    .         Spirit   .   (no helmet)
rElec    .         Reflect  .   (no cloak)
rCorr    .         Harm     .   (no gloves)
MR       .....                  (no boots)
Stlth    +.........             (no amulet)
HPRegen  0.07/turn              (no ring)
MPRegen  0.09/turn              (no ring)

@: very slightly contaminated
A: cold resistance 1
a: no special abilities


You were on level 2 of the Dungeon.
You were not hungry.

You visited 1 branch of the dungeon, and saw 2 of its levels.

You collected 62 gold pieces.

Inventory:

Missiles
 a - 60 arrows
Armour
 b - a +0 robe (worn)
Jewellery
 e - a +3 ring of dexterity {unknown}
 k - a cursed -6 ring of dexterity {unknown}
Scrolls
 c - 3 scrolls of noise {unknown}
 g - a scroll of identify {unknown}
 i - a scroll of enchant armour {unknown}
 m - a scroll of remove curse {unknown}
Potions
 f - a potion of flight {unknown}
 h - a potion of lignification {unknown}
 j - a potion of haste {unknown}
 l - 2 potions of magic {unknown}
Comestibles
 d - 2 rations


   Skills:
 + Level 1.3 Fighting
 - Level 1.7 Dodging
 * Level 3.0 Unarmed Combat
 + Level 2.2 Spellcasting
 * Level 2.3 Transmutations


You had 4 spell levels left.
You knew the following spells:

 Your Spells              Type           Power        Failure   Level  Hunger
a - Beastly Appendage     Tmut           #.....       9%          1    #......

Your spell library contained the following spells:

 Spells                   Type           Power        Failure   Level  Hunger
 Spider Form              Tmut/Pois      #.........   41%         3    ###....
 Blade Hands              Tmut           #.........   94%         5    ######.
 Ice Form                 Ice/Tmut       #.......     82%         4    #####..
 Sticks to Snakes         Tmut           #.......     14%         2    ###....


Dungeon Overview and Level Annotations

Branches:
Dungeon (2/15)

Altars:


Innate Abilities, Weirdness & Mutations

Your flesh is cold resistant. (rC+)


Message History

You are too injured to fight recklessly!
You are too injured to fight recklessly!
You barely miss the ball python.
The ball python is severely wounded.
The ball python bites you but does no damage.
* * * LOW HITPOINT WARNING * * *
The ball python constricts you. The ooze hits you.
* * * LOW HITPOINT WARNING * * *
The ball python bites you but does no damage.
The ball python constricts you.
You barely miss the ball python.
The ball python is severely wounded.
The ooze closely misses you. The ball python bites you.
* * * LOW HITPOINT WARNING * * *
The ball python constricts you.
You hit the ball python.
You kill the ball python!
Your talons disappear.
The ooze hits you.
You die...

####.#####.......#
#...# #.......
#.#.# #....J.
#...# #..... ##.##
#.... #.######...
#.#.......# #
#.#.#####†# ...
#.#.##.##@#...##
#.#.#.....J...[.#
#.#.....#......#.#
##.#.#.#.#.###.#
###.......# #
#######.# #...
###.# .#


You could see an ooze.

Vanquished Creatures
  2 dart slugs (D:1)
  3 bats (D:1)
  4 goblins (D:1)
  4 hobgoblins
  3 jackals (D:1)
  A ball python (D:2)
  A rat (D:1)
18 creatures vanquished.

Notes
Turn   | Place    | Note
-------+----------+-------------------------------------------
     0 | D:1      | kae the Demonspawn Transmuter began the quest for the Orb.
     0 | D:1      | Reached XP level 1. HP: 15/15 MP: 3/3
   243 | D:1      | Gained mutation: Your flesh is cold resistant. (rC+) [demonic ancestry]
   243 | D:1      | Reached XP level 2. HP: 18/21 MP: 5/5
   320 | D:1      | Reached skill level 3 in Unarmed Combat
   889 | D:2      | Slain by an ooze

Vault maps used:
D:1:      tarquinn_simple_flora_water_d, corexii_item_surrounded_by_moat
D:2:      gammafunk_temple_overflow_pools

Skill      XL: |  1  2 |
---------------+-------+-----
Transmutations | 2 |  2.3
Unarmed Combat | 3 |  3.0
Fighting       | |  1.3
Dodging        | |  1.7
Spellcasting   | |  2.2

Action                   || total
-------------------------++-------
Melee: Unarmed           ||    63
       Headbutt          ||     7
       Kick              ||     4
 Cast: Beastly Appendage ||     9
 Stab: Sleeping          ||     2
Armor: Robe              ||    17
Dodge: Dodged            ||    33

Table legend:
 A = Spawn XP
 B = Non-spawn XP
 C = Spawn XP percentage of total XP
 D = Spawn monster count
 E = Non-spawn monster count
 F = Spawn count percentage of total count
 G = Total turns spent on level
                    A         B        C        D         E        F      G
               +---------+---------+-------+---------+---------+-------+---------
         Total |       0 |      35 |   0.0 |       0 |      18 |   0.0 |   889
               +---------+---------+-------+---------+---------+-------+---------
           D:1 |       0 |      32 |   0.0 |       0 |      16 |   0.0 |   833
           D:2 |       0 |       3 |   0.0 |       0 |       2 |   0.0 |    56
               +---------+---------+-------+---------+---------+-------+---------
